AoeStats
← EL LEON

Migration

510169845Analyzed
1v1 RM · 3d ago on Sep 29, 2026· 21m 43s· 2 players
Game mode
Random Map
Map size
132×132
Population
200
Speed
Normal
Resources
Standard
Victory
Conquest
Starting age
Dark Age
Ending age
Imperial Age
RankedLock teamsTeams togetherTeam positionsShared explorationLock speedFull tech treeHidden civsTurbo modeCheats
Victory
Defeat
🇷🇴 Vikings · Romania
1134
+14
🇦🇷 Malay · Argentina
1098
-14
Mih Imperatore
10:26 Loom
12:30 Feudal Age
13:16 Double-Bit Axe
13:32 Gold Mining
16:12 Fishing Lines
20:31 Castle Age
18:18 Loom
18:24 Fletching
20:09 Stone Mining
EL LEON
1:01 Loom
4:14 Loom
10:13 Feudal Age
11:09 Double-Bit Axe
12:36 Town Watch
15:27 Fishing Lines
21:28 Horse Collar
Connection lost

Rejoining the realm…

Still unreachable

The connection could not be restored.

Session expired

The server has moved on; the page needs a fresh start.